AoeStats
← the shy

Arena

504679840Analyzed
4v4 RM · 26d ago on Sep 6, 2026· 47m 34s· 8 players
Game mode
Random Map
Map size
Large (8 player)
Population
200
Speed
Normal
Resources
Standard
Victory
Conquest
Starting age
Dark Age
Ending age
Imperial Age
RankedLock teamsTeams togetherTeam positionsShared explorationLock speedFull tech treeHidden civsTurbo modeCheats
Victory
Defeat
🇦🇺 Turks · Australia
1660
+15
🇭🇰 Wei · Hong Kong SAR China
1626
+16
🇩🇪 Armenians · Germany
1606
+17
🇹🇼 Italians · Taiwan
1387
+25
🇹🇼 Jurchens · Taiwan
1630
-19
🇭🇰 Poles · Hong Kong SAR China
1624
-18
🇨🇳 Wu · China
1613
-18
🇩🇪 Burmese · Germany
1612
-18
Dk
10:41 Feudal Age
11:34 Double-Bit Axe
14:28 Castle Age
14:40 Light Cavalry
15:29 Scale Barding Armor
21:25 Bow Saw
21:09 Loom
23:42 Wheelbarrow
25:17 Forging
26:06 Bloodlines
30:18 Imperial Age
29:04 Iron Casting
30:08 Chain Barding Armor
32:01 Blast Furnace
32:26 Plate Barding Armor
33:38 Padded Archer Armor
34:04 Town Watch
34:08 Elite Steppe Lancer
34:57 Husbandry
35:35 Leather Archer Armor
35:12 Gold Mining
35:08 Horse Collar
36:00 Heavy Plow
36:33 Conscription
36:39 Conscription
37:35 Two-Man Saw
36:51 Siege Engineers
37:06 Fletching
37:48 Ring Archer Armor
38:02 Hand Cart
37:59 Bodkin Arrow
39:15 Hussar
39:35 Capped Ram
41:13 Fortified Bastions
42:04 Siege Ram
44:56 Bracer
46:34 Fortified Wall
Hommi
9:56 Feudal Age
13:36 Castle Age
15:03 Loom
17:20 Redemption
19:35 Sanctity
23:51 Fervor
30:20 Imperial Age
31:25 Block Printing
32:32 Theocracy
34:49 Illumination
38:18 Heavy Scorpion
SY_Msfu
6:21 Loom
9:03 Feudal Age
9:53 Double-Bit Axe
13:40 Fletching
14:29 Horse Collar
19:49 Gold Mining
19:51 Town Watch
23:23 Castle Age
24:46 Bow Saw
27:24 Heavy Plow
35:14 Imperial Age
33:23 Wheelbarrow
32:40 Stone Mining
33:01 Bodkin Arrow
33:35 Ballistics
33:11 Crossbowman
33:56 Thumb Ring
33:53 Padded Archer Armor
34:29 Hand Cart
35:59 Bracer
36:38 Arbalester
39:33 Chemistry
40:29 Leather Archer Armor
40:52 Conscription
the shy
9:17 Feudal Age
14:06 Castle Age
12:23 Double-Bit Axe
13:04 Horse Collar
15:14 Bow Saw
21:16 Wheelbarrow
27:37 Imperial Age
24:53 Loom
25:44 Hand Cart
25:43 Heavy Plow
25:49 Gold Mining
25:52 Stone Mining
25:49 Treadmill Crane
27:17 Gold Shaft Mining
26:56 Fletching
27:08 Squires
27:31 Ballistics
27:52 Stone Shaft Mining
27:45 Bodkin Arrow
29:24 Chemistry
29:26 Two-Man Saw
28:44 Bracer
29:50 Conscription
29:48 Scale Mail Armor
29:58 Forging
29:51 Arson
29:27 Pikeman
30:49 Chain Mail Armor
30:40 Sitting Tiger
31:13 Chain Mail Armor
31:12 Sitting Tiger
32:14 Iron Casting
32:45 Plate Mail Armor
35:03 Blast Furnace
34:05 Padded Archer Armor
35:33 Halberdier
36:29 Leather Archer Armor
36:04 Halberdier
37:51 Scale Barding Armor
38:36 Elite Fire Archer
38:50 Elite Skirmisher
45:13 Elite Fire Archer
SbS | Havoc
9:50 Feudal Age
13:52 Castle Age
12:01 Double-Bit Axe
12:36 Horse Collar
15:10 Bow Saw
20:45 Sanctity
23:16 Wheelbarrow
25:29 Hand Cart
25:00 Loom
25:53 Gold Mining
25:55 Stone Mining
29:40 Imperial Age
27:32 Scale Mail Armor
27:42 Forging
28:33 Chain Mail Armor
29:05 Pikeman
29:07 Man-at-Arms
29:49 Squires
29:36 Gambesons
30:11 Fervor
29:45 Halberdier
31:29 Plate Mail Armor
32:38 Iron Casting
33:18 Conscription
35:03 Heavy Scorpion
36:33 Fortified Wall
37:58 Blast Furnace
39:37 Long Swordsman
40:32 Two-Handed Swordsman
41:42 Fereters
42:22 Ballistics
43:02 Chemistry
42:14 Masonry
42:43 Hoardings
42:50 Champion
Random Civ Pocket
10:22 Feudal Age
11:02 Double-Bit Axe
14:02 Castle Age
12:07 Horse Collar
15:20 Bow Saw
15:29 Heavy Plow
20:39 Wheelbarrow
21:00 Gold Mining
22:54 Stone Mining
24:27 Hand Cart
24:00 Loom
28:21 Imperial Age
25:38 Town Watch
25:44 Fletching
25:54 Padded Archer Armor
27:02 Stone Shaft Mining
27:03 Gold Shaft Mining
27:07 Ballistics
27:17 Bodkin Arrow
27:37 Leather Archer Armor
27:44 Bloodlines
27:34 Husbandry
28:42 Thumb Ring
30:01 Parthian Tactics
29:36 Bracer
30:41 Chemistry
30:22 Conscription
30:17 Tuntian
31:58 Ring Archer Armor
31:59 Scale Barding Armor
32:05 Forging
32:46 Ming Guang Armor
32:47 Tuntian
34:11 Chain Barding Armor
33:41 Elite Tiger Cavalry
34:40 Devotion
35:41 Iron Casting
36:08 Crop Rotation
36:09 Coinage
35:19 Capped Ram
37:45 Blast Furnace
36:23 Siege Ram
39:05 Banking
39:13 Masonry
43:06 Fortified Wall
44:26 Pikeman
Pez
9:56 Loom
11:41 Feudal Age
16:22 Castle Age
15:06 Horse Collar
26:21 Double-Bit Axe
26:38 Heavy Plow
31:38 Bow Saw
33:16 Wheelbarrow
33:26 Fortified Wall
36:21 Imperial Age
34:34 Padded Archer Armor
35:22 Hand Cart
34:53 Town Watch
35:00 Fletching
35:30 Leather Archer Armor
35:35 Fortified Wall
37:43 Ring Archer Armor
40:28 Fletching
41:00 Ballistics
41:00 Bombard Tower
40:38 Murder Holes
40:53 Masonry
43:15 Thumb Ring
43:47 Architecture
44:14 Bloodlines
44:04 Husbandry
44:39 Scale Barding Armor
44:45 Forging
44:47 Bodkin Arrow
45:43 Chain Barding Armor
45:44 Conscription
47:17 Plate Barding Armor
快樂 543
10:57 Feudal Age
15:09 Castle Age
13:05 Double-Bit Axe
13:02 Horse Collar
13:45 Gold Mining
15:53 Loom
15:55 Town Watch
17:05 Bow Saw
20:27 Fletching
21:52 Padded Archer Armor
23:09 Bodkin Arrow
25:16 Wheelbarrow
25:00 Devotion
31:25 Imperial Age
30:16 Ballistics
31:47 Leather Archer Armor
31:39 Heavy Plow
33:13 Chemistry
32:53 Bracer
35:54 Squires
39:00 Pirotechnia
39:11 Conscription
41:18 Faith
42:29 Thumb Ring
43:35 Stone Mining
Connection lost

Rejoining the realm…

Still unreachable

The connection could not be restored.

Session expired

The server has moved on; the page needs a fresh start.